Map: Port Aleksander LE

Players

SunSet

  • Race: Zerg Zerg
  • Spawn Location: 5:00

BuRning - Winner!

  • Race: Terran Terran
  • League: Master
  • Spawn Location: 11:00

Event: 2019 WCS Spring

VOD

Have the link to the VOD?

Description

Time

  • Played on: May 17, 2019, 3:30 p.m.
  • Length: 12:04

All games in this series

Show
View Real Time Build Order
Export as new Build Order

SunSet Zerg 

Build Orders: Hatch First 

Get SALT Encoding   

  12  0:01  Drone  
  13  0:13  Overlord  
  13  0:18  Drone  
  14  0:32  Drone  
  14  0:33  Drone  
  17  0:35  Drone  
  17  0:55  Hatchery  
  16  0:58  Drone  
  16  1:01  Drone  
  18  1:12  Extractor  
  18  1:17  Spawning Pool  
  16  1:20  Drone  
  16  1:23  Drone  
  18  1:29  Drone  
  19  1:40  Drone  
  20  1:55  Overlord  
  20  2:05  Zergling x2  
  20  2:06  Queen  
  20  2:07  Queen  
  20  2:08  Zergling x2  
  26  2:13  Drone  
  27  2:16  Metabolic Boost  
  27  2:19  Drone  
  28  2:26  Drone  
  29  2:30  Drone  
  29  2:34  Spore Crawler, Drone  
  30  2:43  Drone  
  32  2:52  Drone x2  
  32  2:56  Overlord  
  34  3:03  Drone  
  35  3:13  Hatchery, Zergling x2  
  35  3:14  Zergling x2  
  38  3:20  Lair  
  38  3:21  Queen  
  38  3:26  Drone  
  38  3:27  Drone  
  40  3:31  Drone x2  
  40  3:33  Drone  
  43  3:38  Overlord  
  43  3:45  Zergling x2  
  43  3:47  Overlord  
  44  3:55  Overlord  
  44  3:56  Zergling x2  
  44  3:57  Zergling x2  
  44  3:58  Zergling x4  
  44  4:01  Queen  
  50  4:05  Zergling x4  
  52  4:15  Overlord  
  52  4:18  Zergling x2  
  52  4:21  Queen  
  52  4:22  Nydus Network  
  52  4:23  Overseer  
  54  4:26  Zergling x2  
  54  4:30  Zergling x2  
  56  4:32  Zergling x6  
  56  4:37  Zergling x2  
  60  4:39  Zergling x4  
  60  4:42  Zergling x6  
  64  4:53  Zergling x2  
  65  5:00  Nydus Canal  
  65  5:02  Overlord  
  65  5:09  Overlord  
  65  5:14  Nydus Canal  
  65  5:18  Overlord x2  
  65  5:20  Queen x2  
  69  5:23  Zergling x6  
  69  5:24  Zergling x4, Nydus Canal  
  69  5:26  Zergling x2  
  70  5:28  Zergling x2  
  70  5:29  Zergling x2  
  70  5:31  Zergling x2  
  69  5:37  Zergling x4  
  69  5:38  Nydus Canal  
  71  5:44  Zergling x2  
  71  5:45  Zergling x2  
  71  5:46  Zergling x6  
  71  5:49  Zergling x2  
  76  5:51  Nydus Canal  
  76  5:53  Zergling x2  
  76  5:56  Zergling x2  
  77  6:00  Zergling x2  
  78  6:09  Nydus Canal  
  78  6:10  Zergling x2  
  78  6:11  Zergling x4  
  78  6:18  Zergling x2  
  70  6:21  Zergling x2  
  70  6:24  Zergling x2  
  69  6:26  Zergling x2  
  66  6:33  Zergling x2  
  64  6:40  Nydus Canal  
  64  6:41  Zergling x6  
  64  6:43  Zergling x2  
  61  6:48  Zergling x2  
  61  6:49  Zergling x2  
  57  6:54  Queen, Zergling x2  
  57  6:55  Queen x2  
  57  6:57  Zergling x2  
  57  7:00  Zergling x2  
  61  7:10  Zergling x2  
  61  7:14  Drone  
  56  7:17  Zergling x4  
  56  7:20  Zergling x2  
  59  7:24  Nydus Canal  
  59  7:25  Zergling x2  
  59  7:29  Zergling x2  
  61  7:30  Queen x3, Zergling x2  
  61  7:35  Zergling x2  
  63  7:37  Zergling x2  
  63  7:41  Zergling x2  
  60  7:45  Zergling x2  
  60  7:48  Zergling x2  
  60  7:49  Zergling x2  
  60  7:50  Zergling x2  
  60  7:51  Zergling x2  
  64  7:52  Zergling x2  
  64  7:54  Zergling x2  
  66  8:04  Zergling x10  
  65  8:06  Queen  
  65  8:08  Zergling x2  
  65  8:11  Nydus Canal  
  66  8:15  Zergling x2  
  66  8:16  Zergling x8  
  71  8:23  Zergling x2  
  65  8:27  Zergling x2  
  65  8:30  Zergling x2  
  65  8:32  Queen x2  
  64  8:37  Zergling x2  
  64  8:38  Zergling x4  
  64  8:41  Queen  
  64  8:45  Zergling x2  
  64  8:49  Nydus Canal  
  64  8:50  Zergling x4  
  61  8:56  Zergling x2  
  61  8:58  Zergling x2  
  61  9:00  Zergling x2  
  59  9:06  Zergling x2  
  59  9:08  Queen x2  
  64  9:14  Extractor  
  64  9:15  Extractor  
  64  9:17  Spire  
  61  9:18  Zergling x2  
  61  9:22  Zergling x2  
  61  9:36  Zergling x2  
  57  9:39  Zergling x2  
  57  9:40  Zergling x14  
  57  9:41  Zergling x2  
  58  9:46  Drone  
  58  9:47  Drone  
  60  9:53  Drone x3  
  60  9:56  Drone  
  60  9:57  Drone  
  65  10:00  Nydus Canal  
  65  10:18  Nydus Canal  
  64  10:30  Mutalisk x4  
  64  10:31  Zergling x2  
  64  10:32  Zergling x8  
  64  10:34  Extractor, Drone  
  64  10:35  Drone  
  75  10:37  Drone  
  76  10:48  Mutalisk  
  78  10:56  Nydus Canal  
  78  11:02  Drone x3  
  81  11:07  Overlord, Nydus Canal  
  81  11:11  Roach Warren, Drone  
  81  11:23  Mutalisk  
  81  11:27  Overlord  
Show
View Real Time Build Order
Export as new Build Order

BuRning Terran - Winner!

Build Orders: Gas First Reaper Expand, Liberator Opening, Mech 

Get SALT Encoding   

  12  0:01  SCV  
  13  0:13  SCV  
  14  0:18  Supply Depot  
  14  0:25  SCV  
  15  0:31  Refinery  
  15  0:40  SCV  
  16  0:46  Barracks  
  16  0:52  SCV  
  17  1:04  SCV  
  18  1:16  SCV  
  19  1:33  Reaper, Orbital Command  
  20  1:47  Command Center  
  20  1:58  Factory  
  20  2:03  SCV  
  21  2:08  Barracks Reactor  
  21  2:13  Refinery  
  21  2:15  SCV  
  22  2:23  Supply Depot  
  22  2:36  SCV  
  23  2:48  Starport  
  23  2:49  SCV  
  24  2:55  Hellion x2  
  28  2:59  Barracks Tech Lab  
  28  3:03  Orbital Command  
  28  3:08  SCV  
  29  3:18  Hellion  
  31  3:21  Hellion  
  31  3:23  SCV  
  34  3:30  Viking  
  34  3:33  SCV  
  37  3:43  SCV  
  37  3:47  SCV  
  39  3:51  Supply Depot, Siege Tank, Marine  
  43  3:56  SCV, Liberator  
  43  4:00  SCV  
  45  4:03  Marine  
  46  4:11  Bunker  
  46  4:13  SCV, Supply Depot  
  46  4:16  SCV  
  51  4:20  Marine  
  52  4:25  SCV  
  52  4:28  SCV  
  54  4:35  Supply Depot, Siege Tank, Marine  
  58  4:40  SCV  
  59  4:48  SCV  
  59  4:49  Supply Depot  
  59  4:52  Bunker, Liberator  
  60  4:53  Marine x2  
  60  4:59  Supply Depot  
  62  5:09  SCV x2  
  67  5:14  Marine x2  
  69  5:22  SCV x2  
  71  5:32  Marine x2  
  71  5:35  Command Center  
  73  5:47  SCV x2  
  73  5:49  Marine  
  75  5:50  Marine  
  75  5:55  Starport Reactor  
  77  5:58  Siege Tank  
  77  6:02  SCV x2  
  77  6:03  Supply Depot  
  82  6:04  Refinery  
  82  6:05  Refinery  
  82  6:07  Marine  
  83  6:15  Liberator  
  76  6:22  Marine  
  76  6:24  SCV  
  76  6:25  Marine  
  78  6:28  SCV  
  78  6:30  Siege Tank  
  86  6:36  SCV  
  86  6:38  Armory  
  85  6:40  SCV  
  80  6:48  SCV  
  80  6:51  Marine x2  
  80  6:52  SCV  
  78  6:55  Orbital Command  
  78  7:00  SCV  
  76  7:02  Siege Tank  
  76  7:04  SCV  
  76  7:05  Factory  
  76  7:07  Factory  
  78  7:12  SCV  
  77  7:16  SCV  
  78  7:24  SCV  
  78  7:28  SCV  
  77  7:31  Terran Vehicle And Ship Armor Level 1  
  77  7:36  SCV  
  72  7:40  SCV  
  73  7:44  Starport Tech Lab  
  73  7:49  SCV  
  74  7:52  Supply Depot  
  74  7:53  SCV  
  74  7:54  Factory Tech Lab  
  74  7:57  Cyclone, Marine x2  
  78  7:59  Infernal Pre-Igniter  
  78  8:01  SCV  
  78  8:03  Supply Depot  
  78  8:05  SCV, Hellion x2  
  78  8:13  SCV x2  
  78  8:17  SCV  
  73  8:27  Hellion x2  
  73  8:28  Hellion  
  73  8:29  Hellion  
  73  8:32  SCV x2  
  73  8:34  Supply Depot  
  74  8:41  Supply Depot  
  74  8:42  Supply Depot  
  73  8:49  Hellion x2  
  73  8:55  Marine x2  
  72  8:56  Cyclone  
  77  9:04  SCV  
  77  9:05  Banshee, Cloaking Field, Supply Depot  
  77  9:06  SCV x2  
  83  9:14  Hellion, Cyclone  
  83  9:15  Hellion  
  90  9:28  Cyclone  
  91  9:35  SCV x2  
  91  9:37  Hellion x2  
  91  9:44  Orbital Command  
  91  9:46  Terran Vehicle And Ship Armor Level 2  
  91  9:47  SCV x2  
  91  9:50  Cyclone, Banshee  
  91  9:51  Supply Depot  
  99  9:53  Engineering Bay  
  99  9:55  Supply Depot x3  
  99  10:01  Hellion, Cyclone  
  99  10:02  Hellion  
  99  10:05  SCV x2  
  108  10:07  Refinery  
  108  10:11  SCV  
  109  10:16  Refinery  
  109  10:17  SCV x2  
  96  10:29  SCV x2  
  96  10:30  Cyclone  
  96  10:31  Hellion x2  
  105  10:37  SCV  
  105  10:41  SCV  
  105  10:42  Hellion  
  109  10:44  SCV  
  109  10:46  Hellion x7  
  109  10:47  Missile Turret  
  109  10:49  Banshee  
  113  10:51  Supply Depot  
  113  10:56  SCV x2  
  115  11:03  Hellion x2, Cyclone, Barracks Tech Lab  
  122  11:06  Factory  
  122  11:08  SCV x2  
  124  11:14  Cyclone  
  124  11:16  SCV  
  128  11:19  Factory  
  128  11:20  SCV  
  128  11:22  Missile Turret  
  129  11:34  SCV  
  129  11:35  SCV x2  
  129  11:37  Missile Turret  
Tags
 
Add a new tag
Caveats
  • Supply blocks, unpowered buildings, or Contaminate may cause inaccurate times.
  • Supply counts are checked every 10 seconds.